Map: Ley Lines

Players

ManlyManMeat - Winner!

  • Race: Zerg Zerg
  • League: Diamond
  • Spawn Location: 7:00

Vonhelzing

  • Race: Terran Terran
  • League: Diamond
  • Spawn Location: 1:00

VOD

Have the link to the VOD?

Description

Time

  • Played on: July 1, 2025, 7:08 a.m.
  • Length: 17:15
Show
View Real Time Build Order
Export as new Build Order

ManlyManMeat Zerg - Winner!

Build Orders: Hatch First 

Get SALT Encoding   

  12  0:00  Drone  
  13  0:08  Drone  
  14  0:16  Drone, Extractor  
  15  0:33  Overlord  
  15  0:43  Hatchery  
  15  0:46  Extractor  
  15  0:48  Drone  
  15  0:52  Drone  
  15  0:55  Drone  
  17  1:06  Extractor  
  16  1:11  Spawning Pool  
  16  1:17  Drone x2  
  17  1:22  Drone  
  18  1:37  Drone  
  19  1:44  Drone  
  20  1:57  Queen  
  20  1:58  Queen  
  20  1:59  Zergling x2  
  20  2:00  Zergling x2  
  26  2:07  Overlord  
  26  2:16  Drone  
  26  2:17  Drone  
  26  2:19  Metabolic Boost  
  28  2:41  Drone x4  
  28  2:43  Drone  
  32  3:01  Overlord x2  
  32  3:04  Hatchery  
  31  3:13  Overlord  
  31  3:25  Drone x2  
  31  3:26  Drone x3  
  36  3:27  Drone x2  
  36  3:28  Drone  
  39  3:45  Drone x2  
  39  3:46  Drone  
  42  3:58  Drone, Roach Warren  
  42  4:00  Queen  
  44  4:04  Drone x3  
  44  4:05  Drone, Baneling Nest  
  44  4:06  Extractor  
  46  4:10  Extractor  
  46  4:14  Overlord x2  
  45  4:29  Queen  
  47  4:34  Drone x3  
  47  4:36  Queen  
  53  4:45  Zergling x6  
  53  4:46  Zergling x14  
  62  4:53  Lair  
  62  4:57  Evolution Chamber x2  
  60  5:12  Overlord x4  
  60  5:19  Drone x4, Overlord x2  
  60  5:20  Overlord  
  64  5:27  Zerg Melee Weapons Level 1, Zerg Ground Armor Level 1  
  64  5:39  Drone x3, Extractor  
  64  5:42  Drone x3  
  67  5:56  Roach x5  
  67  5:57  Roach x3  
  74  6:11  Drone x3  
  74  6:12  Drone x2  
  74  6:15  Roach x2  
  74  6:18  Glial Reconstitution  
  79  6:36  Roach x3  
  79  6:37  Roach x5  
  95  6:50  Roach x2  
  99  6:55  Hatchery  
  99  7:01  Roach x4  
  94  7:12  Roach x2  
  94  7:13  Roach  
  92  7:17  Zergling x14  
  92  7:22  Zerg Missile Weapons Level 1  
  99  7:28  Ravager x5  
  104  7:32  Ravager x2  
  104  7:33  Ravager  
  104  7:35  Zergling x8  
  108  7:54  Overlord x4  
  108  7:56  Overseer  
  108  8:09  Drone x4, Overlord  
  108  8:10  Overlord  
  96  8:41  Zerg Ground Armor Level 2  
  96  8:42  Centrifugal Hooks  
  96  8:43  Zergling x18  
  96  8:44  Infestation Pit  
  104  8:50  Hatchery  
  103  9:07  Zergling x10  
  103  9:08  Zergling x8  
  112  9:14  Overseer  
  112  9:28  Spire  
  110  9:31  Hive  
  110  9:37  Overseer  
  110  9:43  Zergling x16  
  110  9:44  Zergling x8  
  110  9:45  Baneling x2  
  122  9:47  Infestor  
  100  10:20  Roach x13  
  121  10:31  Drone x7  
  121  10:32  Drone  
  121  10:34  Queen  
  131  10:47  Zergling x24, Roach  
  145  11:01  Zergling x10  
  150  11:04  Hatchery  
  150  11:10  Zergling x8  
  150  11:11  Zergling x2  
  88  11:48  Corruptor x12  
  104  12:07  Corruptor x2  
  103  12:09  Zergling x2  
  103  12:10  Zergling x20  
  111  12:31  Extractor  
  104  13:08  Extractor  
  103  13:13  Drone x11  
  112  13:37  Spawning Pool  
  111  13:51  Hatchery  
  110  13:57  Hatchery  
  110  13:59  Hatchery  
  108  14:04  Hatchery x2  
  106  14:23  Neural Parasite  
  106  14:49  Drone x3  
  106  14:50  Drone x3  
  81  15:36  Spawning Pool  
  81  15:41  Lair  
  80  15:48  Roach x8  
  80  15:49  Roach Warren, Roach x30  
  165  15:50  Roach x5  
  165  15:52  Overlord x5  
  165  16:12  Roach x11  
  165  16:13  Zergling x10, Roach x4  
  188  16:47  Spire  
  188  16:49  Infestation Pit  
Show
View Real Time Build Order
Export as new Build Order

Vonhelzing Terran 

Build Orders: 2 Factory, Reaper Expand 

Get SALT Encoding   

  12  0:00  SCV  
  13  0:13  SCV  
  14  0:17  Supply Depot  
  14  0:25  SCV  
  15  0:40  Barracks  
  15  0:43  SCV  
  15  0:44  Refinery  
  16  0:56  SCV  
  17  1:08  SCV  
  18  1:21  SCV  
  19  1:28  Reaper  
  20  1:36  Command Center  
  20  1:45  Orbital Command  
  20  2:04  Refinery  
  20  2:06  Factory  
  20  2:08  Marine  
  21  2:21  Supply Depot  
  21  2:46  SCV  
  22  2:55  Orbital Command  
  22  2:58  SCV  
  23  2:59  Hellion  
  23  3:00  Barracks Reactor  
  25  3:06  Starport  
  25  3:19  Factory  
  25  3:27  Hellion  
  27  3:52  Viking  
  27  3:55  Barracks Tech Lab, SCV  
  29  3:56  SCV  
  29  3:59  Hellion x2  
  35  4:04  Supply Depot  
  35  4:06  Armory  
  35  4:21  Barracks Reactor  
  35  4:28  Supply Depot  
  35  4:29  Viking  
  35  4:31  Infernal Pre-Igniter  
  37  4:44  Hellion x2  
  41  4:47  Hellion  
  43  4:59  SCV x2  
  45  5:07  Hellion x2  
  45  5:11  Hellion x6  
  49  5:16  Siege Tank  
  49  5:20  Viking x2  
  56  5:22  SCV x2  
  58  5:30  Command Center  
  58  5:58  Viking x2  
  62  6:07  Engineering Bay  
  62  6:26  Hellion  
  62  6:42  Hellion x2, SCV x2  
  62  6:43  Refinery  
  62  6:45  Refinery  
  68  6:54  SCV x2  
  52  7:13  Planetary Fortress  
  38  7:20  SCV x2  
  44  7:27  Liberator x2  
  44  7:29  Missile Turret, Siege Tank, Widow Mine x2  
  53  7:32  SCV x2  
  56  7:44  SCV x2  
  56  7:45  Command Center  
  56  7:51  Barracks Tech Lab  
  57  7:53  Starport  
  57  7:54  Fusion Core  
  57  7:56  SCV x2  
  59  8:00  Drilling Claws  
  59  8:10  SCV x3  
  62  8:22  SCV  
  56  8:34  Supply Depot  
  56  8:47  Starport Tech Lab  
  56  8:53  Siege Tank, Widow Mine x2  
  63  8:59  SCV x4  
  67  9:07  Battlecruiser  
  73  9:15  Missile Turret  
  73  9:17  Sensor Tower  
  79  9:24  Battlecruiser  
  79  9:50  SCV x3  
  82  9:53  Siege Tank  
  82  9:54  Widow Mine x2  
  89  10:02  SCV x2  
  68  10:27  Battlecruiser  
  69  10:29  Hellion x3  
  69  10:34  Missile Turret  
  75  10:44  Battlecruiser  
  75  10:46  Command Center  
  81  10:54  Missile Turret  
  81  10:55  Siege Tank  
  84  11:16  Widow Mine  
  85  11:20  Widow Mine  
  63  11:41  Battlecruiser  
  56  11:55  Supply Depot  
  56  11:58  SCV x3  
  56  12:10  SCV  
  51  12:24  Battlecruiser  
  51  12:25  Widow Mine x2  
  34  12:59  Missile Turret  
  34  13:01  Missile Turret  
  34  13:06  Missile Turret  
  34  13:07  Missile Turret, SCV x4  
  34  13:12  Widow Mine x2  
  44  13:13  Widow Mine  
  44  13:19  SCV  
  45  13:25  Hi-Sec Auto Tracking  
  45  13:27  Weapon Refit  
  45  13:33  Missile Turret x2  
  45  13:53  Widow Mine x3  
  51  14:01  SCV x3  
  51  14:02  SCV  
  55  14:13  Missile Turret  
  55  14:15  Missile Turret  
  55  14:30  Battlecruiser  
  61  14:48  Planetary Fortress  
  61  14:50  Missile Turret  
  61  14:52  Missile Turret  
  60  14:55  Missile Turret  
  60  15:00  Refinery  
  60  15:02  SCV x3  
  62  15:09  Refinery  
  62  15:10  Missile Turret  
  62  15:14  SCV  
  52  15:33  Missile Turret  
  52  15:34  Widow Mine x2  
  52  15:35  Missile Turret  
  56  15:50  SCV x4  
  60  16:03  Missile Turret  
  60  16:04  SCV x3  
  63  16:14  Viking  
  63  16:15  Viking  
  67  16:24  Widow Mine x3  
Tags
 
Add a new tag
Caveats
  • Supply blocks, unpowered buildings, or Contaminate may cause inaccurate times.
  • Supply counts are checked every 10 seconds.